 Dungeon Crawl Stone Soup version 0.28-a0-1613-gdaab1c2f9b (webtiles) character file.

Game seed: 4362518938024053035

20901 murtidash the Thaumaturge (level 13, -6/92 HPs)
             Began as a Djinni Ice Elementalist on Jan 21, 2022.
             Was an Elder of Makhleb.
             Mangled by a catoblepas (12 damage)
             ... while petrified by a catoblepas
             ... in a Gauntlet.
             The game lasted 00:36:41 (18150 turns).

murtidash the Thaumaturge (DjIE)                   Turns: 18150, Time: 00:36:42

Health: -6/92      AC: 17    Str:  9    XL:     13   Next: 15%
Gold:   583        EV:  2    Int: 24    God:    Makhleb [****..] SH:  0 Dex: 20

rFire   + + .      SeeInvis +   g - staff of earth
rCold   x . .      Faith    .   (no shield)
rNeg    + + +      Spirit   .   p - +9 ring mail "Lasualui" {+Blink Int+4}
rPois   ∞          Reflect  +   J - +0 hat {SInv}
rElec   .          Harm     .   (no cloak)
rCorr   .          Rampage  .   G - +0 pair of gloves
Will    +....      NoTele   +   (boots unavailable)
Stlth   ++........              E - amulet of reflection
HPRegen 0.25/turn               m - +6 ring of dexterity
MPRegen 0.00/turn               (no ring)

@: petrified, flying
A: sickness immunity, fire resistance 2, cold vulnerability 1, float, innate
caster, hp casting, extra vitality 1
a: Renounce Religion, Evoke Blink, Minor Destruction, Lesser Servant of Makhleb,
Major Destruction


You were in a Gauntlet.
You worshipped Makhleb.
Makhleb was greatly pleased with you.
You visited 3 branches of the dungeon, and saw 13 of its levels.
You also visited: Bailey, Gauntlet and Volcano.

You collected 663 gold pieces.
You spent 80 gold pieces at shops.

Inventory:

Hand Weapons
 r - the +3 trident of Jawietz {pain, Dex+3}
   (You found it on level 4 of the Dungeon)

   In the hands of one skilled in necromantic magic, it inflicts extra damage on
   living creatures.
   Your inability to study Necromancy prevents you from drawing on the full
   power of this weapon.
   Dex:       It affects your dexterity (+3).
 B - the +7 flail "Qoufrir" {drain, Contam rElec rPois Int+5}
   (You found it on level 7 of the Dungeon)

   A truly terrible weapon, it drains the life of any living foe it strikes.
   Int:       It affects your intelligence (+5).
   rElec:     It insulates you from electricity.
   rPois:     It protects you from poison.
   Contam:    It causes magical contamination when unequipped.
 L - a +0 scimitar of flaming
   (You took it off an efreet in a volcano)
Armour
 a - a +0 robe
 l - a +1 hat
   (You found it on level 2 of the Dungeon)
 p - the +9 ring mail "Lasualui" (worn) {+Blink Int+4}
   (You found it on level 3 of the Dungeon)

   Int:       It affects your intelligence (+4).
   +Blink:    It lets you blink.
 G - a +0 pair of gloves (worn)
   (You found it on level 9 of the Dungeon)
 J - a +0 hat of see invisible (worn)
   (You took it off Gastronok on level 1 of the Lair of Beasts)
Magical Staves
 g - a staff of earth (weapon)
   (You found it on level 1 of the Dungeon)
 t - a staff of death {rN+}
   (You found it in a bailey)
 z - a staff of death {rN+}
   (You found it on level 9 of the Dungeon)
Jewellery
 m - a +6 ring of dexterity (left hand)
   (You found it on level 6 of the Dungeon)
 v - a ring of ice {rC+, rF-}
   (You found it on level 5 of the Dungeon)
 y - a ring of see invisible {sInv, !d}
   (You found it on level 1 of the Lair of Beasts)
 E - an amulet of reflection (around neck)
   (You found it on level 8 of the Dungeon)
 N - a ring of fire {rF+, rC-}
   (You found it on level 2 of the Lair of Beasts)
Wands
 k - a wand of flame (40)
   (You took it off Jessica on level 2 of the Dungeon)
 s - a wand of digging (2)
   (You bought it in a shop on level 4 of the Dungeon)
 A - a wand of polymorph (10)
   (You found it on level 7 of the Dungeon)
 C - a wand of paralysis (10)
   (You found it on level 8 of the Dungeon)
Scrolls
 c - a scroll of holy word {unknown}
 e - 2 scrolls of amnesia
 h - 2 scrolls of immolation {!r}
 j - 5 scrolls of teleportation
 o - a scroll of brand weapon
 u - 5 scrolls of blinking {!r}
 D - a scroll of fog {unknown}
 F - a scroll of enchant weapon
 I - 2 scrolls of enchant armour
 M - a scroll of identify {@r1}
Potions
 b - 7 potions of mutation {!q}
 d - a potion of curing
 f - 3 potions of ambrosia
 i - 3 potions of haste
 n - 3 potions of cancellation {unknown}
 q - 4 potions of resistance
 w - a potion of heal wounds {unknown}
 x - a potion of lignification {unknown}
 H - a potion of berserk rage {unknown}
 K - a potion of might {unknown}
 O - 2 potions of attraction {unknown}


   Skills:
 - Level 8.0 Fighting
 - Level 8.0 Armour
 - Level 2.1 Dodging
 - Level 1.5 Stealth
 + Level 13.5 Spellcasting
 - Level 5.0 Evocations


You had 8 spell levels left.
You knew the following spells:

 Your Spells              Type           Power      Damage    Failure   Level
a - Magic Dart            Conj           100%       1d8       1%          1
b - Frozen Ramparts       Ice            100%       1d12      1%          3
c - Ozocubu's Armour      Ice            69%        N/A       1%          3
d - Summon Mana Viper     Hex/Summ       69%        N/A       1%          5
f - Fireball              Conj/Fire      34%        3d14      1%          5
m - Hailstorm             Conj/Ice       69%        3d14      1%          4
A - Call Imp              Summ           69%        N/A       1%          2
U - Freeze                Ice            100%       1d11      1%          1
X - Ice Form              Ice/Tmut       69%        N/A       1%          4
Z - Summon Guardian Gole  Hex/Summ       69%        N/A       1%          3
Your spell library was empty.

Dungeon Overview and Level Annotations

Branches:
Dungeon (9/15)             Temple (1/1) D:5            Lair (3/6) D:9
 Shoals (0/4) Lair:3       Spider (0/4) Lair:3       Bailey (visited)
Volcano (visited)         Gauntlet (1/1)
    Orc: D:9-12

Altars:
Ashenzari
Cheibriados
Dithmenos
Elyvilon
Fedhas
Gozag
Hepliaklqana
Makhleb
Okawaru
Qazlal
Ru
Sif Muna
Trog
Uskayaw
Vehumet
Wu Jian
Xom
Yredelemnul
The Shining One

Shops:
D:4 (*

Annotations:
Gauntlet 11 transporters, exclusion: orange crystal statue


Innate Abilities, Weirdness & Mutations

You are immune to sickness and miasma.
You are immune to poison.
Your flesh is very heat resistant. (rF++)
You are vulnerable to cold. (rC-)
You float through the air rather than walking.
You learn spells naturally, not from books.
Your magical power is your life essence.
You have superior vitality. (+4 MHP)


Message History

The floor.
Unknown command.
The acid dragon changes into a naga!
The naga changes into a sky beast!
There is a transporter here.
You enter the transporter and appear at another place.
There is a transporter landing site here.
A mana viper appears with a sibilant hiss.
You take 5 damage, and have 87/92 hp.
There is a transporter landing site here.
You see here a scroll of identify {@r1}.
M - a scroll of identify {@r1}
There is a transporter here.
You enter the transporter and appear at another place.
The swamp drake changes into a wolf!
Your mana viper disappears in a puff of smoke!
Health restored: 92
There is a transporter here.
A mana viper appears with a sibilant hiss.
You take 5 damage, and have 87/92 hp.
You enter the transporter and appear at another place.
The catoblepas bellows!
The catoblepas breathes a plume of calcifying dust at you.
The blast of calcifying dust hits you but does no damage.
The blast of calcifying dust hits your mana viper!
Your mana viper is engulfed in calcifying dust.
Your mana viper is moving more slowly.
The gargoyle hurls a stone arrow at you.
The stone arrow hits you.
You take 2 damage, and have 85/92 hp.
What are your orders? t - Shout!
Orders for allies: a - Attack new target. r - Retreat! s - Stop attacking. g - Guard the area. f - Follow me.
Anything else - Cancel.
Gang up on whom?
Aim: a catoblepas (calcifying dust, ally target) Attack!
Your mana viper is engulfed in calcifying dust.
Your mana viper stops moving altogether!
Okay, then.
Unknown command.
The catoblepas breathes a plume of calcifying dust at you.
The blast of calcifying dust hits you but does no damage.
Your mana viper is engulfed in calcifying dust.
The gargoyle hurls a stone arrow at you.
The stone arrow misses you.
Your mana viper is engulfed in calcifying dust. x2
Aim: a catoblepas (ally target)
The fireball explodes!
The fireball engulfs the catoblepas!!
Your mana viper is engulfed in calcifying dust.
The gargoyle hurls a stone arrow at you.
The stone arrow reflects off an invisible shield around you!
The stone arrow hits the gargoyle but does no damage.
You take 4 damage, and have 81/92 hp.
The fireball explodes!
The fireball engulfs the catoblepas!
Your mana viper is engulfed in calcifying dust.
The catoblepas breathes a plume of calcifying dust at you.
The blast of calcifying dust hits you!
The gargoyle hits your mana viper with a +0 flail.
You take 13 damage, and have 68/92 hp.
The fireball explodes!
The fireball engulfs the catoblepas!!
You are engulfed in calcifying dust.
You are slowing down.
The catoblepas gores you!
The gargoyle hits your mana viper with a +0 flail!!
You take 15 damage, and have 53/92 hp.
Your mana viper is no longer petrified.
The catoblepas gores you! x2; Your limbs are stiffening.
You take 12 damage, and have 41/92 hp.
Okay, then.
Unknown command.
The fireball explodes!
The fireball engulfs the catoblepas!
The catoblepas gores you! The gargoyle hits you with a +0 flail!
* * * LOW HITPOINT WARNING * * *
You have turned to stone.
Your mana viper bites the gargoyle!
The catoblepas gores you!
* * * LOW HITPOINT WARNING * * *
The gargoyle hits you with a +0 flail!
* * * LOW HITPOINT WARNING * * *
Your mana viper bites the gargoyle but does no damage.
The catoblepas is engulfed in a cloud of scalding steam.
The catoblepas gores you but does no damage.
The gargoyle hurls a stone arrow at you.
The stone arrow hits you!!
* * * LOW HITPOINT WARNING * * *
Your mana viper bites the gargoyle!
The catoblepas gores you.
* * * LOW HITPOINT WARNING * * *
Your mana viper bites the gargoyle but does no damage.
The gargoyle barely misses your mana viper.
Your mana viper bites the gargoyle!!
The gargoyle is destroyed!
Makhleb accepts your kill.
The catoblepas gores you but does no damage.
Your mana viper disappears in a puff of smoke!
The catoblepas completely misses you. The catoblepas gores you!!
You die...

..#=|^.##.#..#.§§# #≈..#..#.#..##
§.#©#.©.#.#©.#.§## ##..#.©#©.#©.#
..#)##.^..#..#..≈###§..#..#..##.#
..#.##.####..#..##≈##..#..#z...##
..#8....###..#.........#..#zz....
..#########..#.........#..#######
..........#..###########..#......
..#########..#....≈≈...#..#######
..##WW##.##..#.≈@≈..≈≈.#..#......
8.#W##..#.#..#≈Y≈§.≈..≈#..#..#.#.
..#W#.#.#.#..#)..≈≈.≈.≈#..#).#.#.
∩.#©#.©#.##©©#©..≈©.≈≈.#©©#h.#©#.
..#..#.##.#..#(≈.≈≈....#..#).#.#.
8.#=.##..##..#..≈..≈≈..#..#..#.#.
..###..##W#..#≈≈.≈≈.≈≈≈#..#......
..#########..#....≈....#..#######
..........#..###########..#......


You could see a catoblepas and a shadow.

Vanquished Creatures
  Gastronok (Lair:1)
  2 hydras (Lair:1)
  2 lindwurms (Volcano)
  A wolf spider (Lair:3)
  A black mamba (Lair:2)
  A torpor snail (Lair:2)
  2 molten gargoyles (Volcano)
  A cane toad (Lair:3)
  A gargoyle (Bailey)
  Maggie (D:6)
  2 unseen horrors (D:8)
  A komodo dragon (D:9)
  2 efreet (Volcano)
  4 blink frogs (Lair:1)
  A vampire (Bailey)
  A wyvern (D:8)
  24 yaks
  Eustachio (D:4)
  5 fire elementals (Volcano)
  5 water moccasins
  2 sky beasts (D:6)
  2 orc warriors (D:9)
  A black bear (Lair:2)
  An ogre (D:5)
  3 wolves (D:8)
  2 centaurs
  A phantom (D:6)
  4 kobold brigands
  6 scorpions
  4 bullfrogs
  4 killer bees (D:7)
  6 wights
  2 howler monkeys (D:9)
  8 vampire bats (Bailey)
  8 wolf zombies (Bailey)
  A lava snake (D:7)
  2 jellies (D:5)
  2 gnoll shamans
  2 orc priests
  A bullfrog skeleton (D:6)
  2 hounds
  Jessica (D:2)
  4 orc wizards
  A scorpion zombie (D:5)
  7 iguanas
  2 howler monkey zombies
  Robin (D:4)
  12 gnolls
  5 adders
  3 white imps
  An adder skeleton (D:5)
  2 worms
  3 dart slugs
  26 orcs
  4 endoplasms
  A giant cockroach (D:2)
  19 goblins
  9 hobgoblins
  2 jackals (D:1)
  3 quokkas
  12 ball pythons
  7 bats
  2 frilled lizards (D:1)
  21 kobolds
  16 orc zombies (Bailey)
  6 rats
  3 fire vortices (Volcano)
296 creatures vanquished.

Vanquished Creatures (collateral kills)
  A cane toad (Lair:1)
  A molten gargoyle (Volcano)
  A gargoyle (Gauntlet)
  A komodo dragon (Lair:1)
  A blink frog (Lair:1)
  5 yaks
  A black bear (Lair:1)
  2 wolves (Lair:3)
  3 earth elementals (Volcano)
  A nameless horror (Lair:1)
17 creatures vanquished.

Vanquished Creatures (others)
  A boulder beetle (D:8)
  A komodo dragon (D:9)
  A yak (D:8)
  2 ice beasts (D:6)
  A necrophage (D:6)
  A centaur (D:6)
  A bullfrog (Lair:1)
  2 water moccasin zombies (D:5)
  A water moccasin skeleton (D:5)
  A nameless horror (D:9)
  A bullfrog skeleton (D:5)
  A white imp (D:5)
  10 fungi
  22 plants
46 creatures vanquished.

Grand Total: 359 creatures vanquished

Notes
Turn   | Place    | Note
-------+----------+-------------------------------------------
     0 | D:1      | murtidash the Djinni Ice Elementalist began the quest for
                  | the Orb.
     0 | D:1      | Reached XP level 1. HP: 15/15 MP: 0/0
   278 | D:1      | Reached XP level 2. HP: 16/21 MP: 0/0
   866 | D:1      | Found a faded altar of an unknown god.
   930 | D:1      | Reached XP level 3. HP: 24/25 MP: 0/0
   930 | D:1      | Learned a level 1 spell: Magic Dart
  1214 | D:1      | Reached skill level 4 in Spellcasting
  1687 | D:2      | Found a sacrificial altar of Ru.
  1706 | D:2      | Reached XP level 4. HP: 28/31 MP: 0/0
  1794 | D:2      | Noticed Jessica
  1804 | D:2      | Killed Jessica
  2443 | D:3      | Reached XP level 5. HP: 31/35 MP: 0/0
  2443 | D:3      | Learned a level 2 spell: Call Imp
  2757 | D:3      | Identified the +9 ring mail "Lasualui" {+Blink Int+4}
  3087 | D:3      | Reached skill level 1 in Fighting
  3087 | D:3      | Reached skill level 1 in Armour
  3631 | D:3      | Found a broken altar of Ashenzari.
  3847 | D:4      | Reached skill level 5 in Spellcasting
  3847 | D:4      | Reached XP level 6. HP: 13/42 MP: 0/0
  4177 | D:4      | Reached skill level 2 in Fighting
  4177 | D:4      | Reached skill level 2 in Armour
  4457 | D:4      | Noticed Robin
  4467 | D:4      | Killed Robin
  4792 | D:4      | Identified the +3 trident of Jawietz {pain, Dex+3}
  4834 | D:4      | Found Vats's Assorted Antiques.
  4842 | D:4      | Bought a bronze wand for 80 gold pieces
  4895 | D:4      | Noticed Eustachio
  4926 | D:4      | Killed Eustachio
  4927 | D:4      | Reached XP level 7. HP: 17/49 MP: 0/0
  4927 | D:4      | Learned a level 3 spell: Summon Guardian Golem
  5160 | D:4      | Reached skill level 3 in Armour
  5229 | D:4      | Found Aqeucw's Weapon Shop.
  5513 | D:5      | Entered Level 5 of the Dungeon
  5519 | D:5      | Reached skill level 3 in Fighting
  5629 | D:5      | Found a staircase to the Ecumenical Temple.
  5638 | Temple   | Entered the Ecumenical Temple
  5763 | Temple   | Became a worshipper of Makhleb the Destroyer
  6427 | D:5      | Reached XP level 8. HP: 23/58 MP: 0/0
  7076 | D:5      | Reached skill level 4 in Fighting
  7076 | D:5      | Reached skill level 4 in Armour
  7271 | D:5      | Reached skill level 6 in Spellcasting
  7815 | D:5      | Reached skill level 5 in Fighting
  7815 | D:5      | Reached skill level 5 in Armour
  7969 | D:6      | Reached XP level 9. HP: 45/65 MP: 0/0
  7969 | D:6      | Learned a level 4 spell: Ice Form
  8136 | D:6      | Reached skill level 7 in Spellcasting
  8336 | D:6      | Reached * piety under Makhleb
  8593 | D:6      | Noticed Maggie
  8627 | D:6      | Killed Maggie
  8628 | D:6      | Reached skill level 8 in Spellcasting
  9183 | D:7      | Reached skill level 9 in Spellcasting
  9183 | D:7      | Reached XP level 10. HP: 57/70 MP: 0/0
  9367 | D:7      | Identified the +7 flail "Qoufrir" {drain, Contam rElec
                  | rPois Int+5}
  9647 | D:8      | Killed an unseen horror
  9648 | D:8      | Reached skill level 1 in Evocations
  9824 | D:8      | Reached ** piety under Makhleb
 10038 | D:8      | Reached skill level 2 in Evocations
 10376 | D:8      | Killed an unseen horror
 10648 | D:8      | Reached skill level 6 in Fighting
 10795 | D:8      | Noticed a boulder beetle
 10805 | D:8      | Reached skill level 6 in Armour
 10805 | D:8      | Reached skill level 3 in Evocations
 10838 | D:8      | Killed a boulder beetle
 10964 | D:8      | Reached skill level 4 in Evocations
 11487 | D:8      | Reached XP level 11. HP: 32/78 MP: 0/0
 11487 | D:8      | Learned a level 5 spell: Summon Mana Viper
 11710 | D:9      | Found a flagged portal.
 11719 | Bailey   | Entered a bailey
 12185 | Bailey   | Reached *** piety under Makhleb
 12675 | Bailey   | Reached skill level 7 in Fighting
 12675 | Bailey   | Reached skill level 7 in Armour
 12972 | Bailey   | Identified the +0 scale mail "Anero" {Drain rElec rN++
                  | Stlth+}
 13177 | D:9      | Reached skill level 5 in Evocations
 13200 | D:9      | Reached skill level 10 in Spellcasting
 13240 | D:9      | HP: 13/81 [yak (7)]
 13787 | D:9      | Reached skill level 8 in Fighting
 13850 | D:9      | Reached skill level 8 in Armour
 14203 | D:9      | Found a staircase to the Lair.
 14379 | Lair:1   | Entered Level 1 of the Lair of Beasts
 14540 | Lair:1   | Reached **** piety under Makhleb
 14543 | Lair:1   | Reached XP level 12. HP: 52/86 MP: 0/0
 14545 | Lair:1   | Reached skill level 11 in Spellcasting
 14773 | Lair:1   | Noticed Gastronok
 14797 | Lair:1   | Killed Gastronok
 14988 | Lair:1   | Noticed an eight-headed hydra
 15008 | Lair:1   | Killed an eight-headed hydra
 15009 | Lair:1   | Reached skill level 12 in Spellcasting
 15042 | Lair:1   | Found a dark tunnel.
 15048 | Volcano  | Entered a volcano
 16263 | Lair:1   | Noticed a four-headed hydra
 16269 | Lair:1   | Killed a four-headed hydra
 16693 | Lair:1   | Reached skill level 13 in Spellcasting
 16997 | Lair:2   | Upgraded the game from 0.28-a0-1594-ga885d4b3d6 to
                  | 0.28-a0-1613-gdaab1c2f9b
 17011 | Lair:2   | Found a shimmering altar of Xom.
 17126 | Lair:2   | Reached XP level 13. HP: 79/92 MP: 0/0
 17126 | Lair:2   | Learned a level 5 spell: Fireball
 17857 | Lair:3   | Found a gate leading to a gauntlet.
 17858 | Lair:3   | Found a hole to the Spider Nest.
 17881 | Gauntlet | Entered a Gauntlet
 17881 | Gauntlet | Found a transporter.
 17881 | Gauntlet | Found a transporter.
 17926 | Gauntlet | Found a transporter.
 17939 | Gauntlet | Found a transporter.
 17957 | Gauntlet | Found a transporter.
 17957 | Gauntlet | Found a transporter.
 17957 | Gauntlet | Found a transporter.
 17957 | Gauntlet | Noticed a catoblepas
 17960 | Gauntlet | Found a transporter.
 17960 | Gauntlet | Found a transporter.
 17972 | Gauntlet | Found a transporter.
 17988 | Gauntlet | Found a transporter.
 17998 | Gauntlet | Found a transporter.
 18013 | Gauntlet | Found a transporter.
 18033 | Gauntlet | Found a transporter.
 18145 | Gauntlet | HP: 16/92 [gargoyle (3)]
 18146 | Gauntlet | HP: 7/92 [gargoyle/stone arrow (9)]
 18150 | Gauntlet | Mangled by a catoblepas

Illustrated notes

Levels and vault maps discovered:
D:1:      scummos_arrival_simple_crosswalls, layout_loops_ring,
          shapermc_ecumenical_altar_gd
D:2:      layout_loops_ring, basic_altar, mrwooster_statue_mirror,
          serial_bayou_pond_c, uniq_jessica
D:3:      layout_basic, mainiacjoe_overflow_alcove_4
D:4:      layout_basic, serial_shops, nicolae_shop_bloodbath_and_beyond, shop,
          uniq_eustachio, uniq_robin
D:5:      layout_basic, temple_statues, roderic_serpentine_path,
          minmay_joined_circles
D:6:      layout_basic, uniq_maggie
D:7:      nicolae_cairo_tiling_large_dashed, layout_rooms,
          nicolae_lava_and_water
D:8:      layout_loops_ring, minivault_21, uniq_grum
D:9:      layout_irregular_city, grunt_lair_entry_orc_guard_hut, enter_bailey_2
Temple:   kilobyte_greek_temple
Lair:1:   layout_layer_cave, nicolae_volcano_entry_hallway,
          serial_bayou_crossing, uniq_gastronok
Lair:2:   layout_regular_city, basic_altar
Lair:3:   layout_long_grid, elwin_shoals_entry_stream, spider_nest_entry_rubble,
          gauntlet_entry_generic, ebering_ghost_xom, lemuel_fruit_tree
Gauntlet: gammafunk_gauntlet_mixed_choke_point
          [minmay_gauntlet_arena_77_hold_the_fort,
          minmay_gauntlet_arena_77_chump_sandwich,
          minmay_gauntlet_arena_77_terracotta_army,
          nicolae_gauntlet_arena_flowing_pool,
          minmay_gauntlet_arena_77_p_blocks, minmay_gauntlet_arena_77_mess,
          minmay_gauntlet_arena_77_radiant_squares,
          dreamdust_gauntlet_exit_labyrinth]

Skill      XL: |  1  2  3  4  5  6  7  8  9 10 11 12 |
---------------+-------------------------------------+-----
Spellcasting   | 4 5 6 9 10 13 | 13.5
Fighting       | 1 2 3 5 6 8 |  8.0
Armour         | 1 2 3 5 6 8 |  8.0
Evocations     | 4 5 |  5.0
Dodging        | |  2.1
Stealth        | |  1.5

Action                   |  1- 3 |  4- 6 |  7- 9 | 10-12 | 13-15 || total
-------------------------+-------+-------+-------+-------+-------++-------
Melee: Unarmed           |     5 |       |       |       |       ||     5
       Staff             |     4 |     1 |       |       |     1 ||     6
 Cast: Freeze            |    23 |     1 |       |     7 |       ||    31
       Magic Dart        |    33 |   137 |   178 |   456 |     2 ||   806
       Frozen Ramparts   |       |    13 |    25 |    64 |     1 ||   103
       Ozocubu's Armour  |       |     1 |     4 |    10 |       ||    15
       Summon Guardian G |       |       |     7 |    12 |       ||    19
       Ice Form          |       |       |     1 |       |       ||     1
       Summon Mana Viper |       |       |       |    18 |     3 ||    21
       Hailstorm         |       |       |       |     8 |       ||     8
       Fireball          |       |       |       |       |    14 ||    14
 Abil: End Transformatio |       |       |     1 |       |       ||     1
Evoke: Wand              |       |       |     1 |     1 |       ||     2
  Use: Scroll            |       |       |     5 |    12 |     3 ||    20
       Potion            |       |       |     2 |     4 |       ||     6
 Stab: Sleeping          |     2 |       |       |       |       ||     2
       Distracted        |       |       |       |       |     1 ||     1
Armor: Robe              |     4 |     1 |     5 |       |       ||    10
       Ring mail         |       |       |    32 |   126 |     5 ||   163
Dodge: Dodged            |    12 |     8 |    37 |   102 |     3 ||   162
Block: Other             |       |       |       |    42 |     1 ||    43
       Reflection        |       |       |       |     3 |     1 ||     4

Table legend: (Time is in decaauts)
 A = Elapsed time spent in this place.
 B = Non-inter-level travel time spent in this place.
 C = Inter-level travel time spent in this place.
 D = Time resting spent in this place.
 E = Time spent auto-exploring this place.
 F = Levels seen in this place.
 G = Mean time per level.
                   A        B        C        D        E       F      G
               +--------+--------+--------+--------+--------+-----+--------+
         Total |  18143 |  17750 |    393 |   2116 |  13220 |  16 | 1133.9 |
       Dungeon |  12831 |  12501 |    330 |    658 |  10378 |   9 | 1425.7 |
        Temple |    159 |    126 |     33 |      0 |    118 |   1 |  159.0 |
          Lair |   2444 |   2414 |     30 |    238 |   1844 |   3 |  814.7 |
        Bailey |   1372 |   1372 |      0 |    564 |    527 |   1 | 1372.0 |
       Volcano |   1065 |   1065 |      0 |    656 |    178 |   1 | 1065.0 |
      Gauntlet |    269 |    269 |      0 |      0 |    175 |   1 |  269.0 |
               +--------+--------+--------+--------+--------+-----+--------+

Top non-repeatable levels by time:
     D:5: 2222 daAuts
     D:8: 2009 daAuts
     D:4: 1802 daAuts
  Lair:1: 1546 daAuts
     D:1: 1412 daAuts
  Bailey: 1372 daAuts
     D:9: 1368 daAuts
     D:3: 1271 daAuts
 Volcano: 1065 daAuts
     D:2: 1026 daAuts
     D:6: 996 daAuts
  Lair:2: 869 daAuts
     D:7: 720 daAuts
Gauntlet: 269 daAuts
  Temple: 159 daAuts

Table legend:
 A = Kills in this place as a percentage of kills in entire the game.
 B = Kills by you in this place as a percentage of kills by you in the entire game.
 C = Kills by friends in this place as a percentage of kills by friends in the entire game.
 D = Other kills in this place as a percentage of other kills in the entire game.
 E = Experience gained in this place as a percentage of experience gained in the entire game.
 F = Experience gained in this place divided by the number of levels of this place that you have seen.
                   A       B       C       D       E      F
               +-------+-------+-------+-------+-------+----------------------
         Total | 100.0 | 100.0 | 100.0 | 100.0 | 100.0 | 1866.2
       Dungeon |  72.7 |  75.8 |   0.0 |  92.3 |  39.8 | 1321.9
          Lair |  11.8 |   8.9 |  68.8 |   7.7 |  38.6 | 3846.0
        Bailey |  10.6 |  11.6 |   0.0 |   0.0 |   5.3 | 1574.0
       Volcano |   4.7 |   3.8 |  25.0 |   0.0 |  14.9 | 4444.0
      Gauntlet |   0.3 |   0.0 |   6.2 |   0.0 |   1.4 | 406.0
               +-------+-------+-------+-------+-------+----------------------
